 Dungeon Crawl Stone Soup version 0.28.0-45-g0d030f2227 (webtiles) character file.

Game seed: 4369163792833301169

34 MisterFreud the Changer (level 3, 0/28 HPs)
             Began as a Draconian Transmuter on Apr 20, 2022.
             Slain by an adder (1 damage)
             ... on level 3 of the Dungeon.
             The game lasted 00:01:33 (1711 turns).

MisterFreud the Changer (Draconian Transmuter)      Turns: 1711, Time: 00:01:34

Health: 0/28       AC:  5    Str: 12    XL:     3   Next: 14%
Magic:  6/6        EV: 12    Int: 15    God:
Gold:   35         SH:  0    Dex: 11    Spells: 5/6 levels left

rFire   . . .      SeeInvis .     - Unarmed
rCold   . . .      Faith    .   (no shield)
rNeg    . . .      Spirit   .   (armour unavailable)
rPois   .          Reflect  .   (helmet restricted)
rElec   .          Harm     .   (no cloak)
rCorr   .          Rampage  .   (no gloves)
Will    .....                   (no boots)
Stlth   +.........              (no amulet)
HPRegen 0.09/turn               (no ring)
MPRegen 0.10/turn               (no ring)

@: no status effects
A: AC +5, unfitting armour, cold-blooded
a: no special abilities


You were on level 3 of the Dungeon.
You visited 1 branch of the dungeon, and saw 3 of its levels.

You collected 35 gold pieces.

Inventory:

Missiles
 c - 4 poisoned darts
Scrolls
 a - a scroll of immolation {unknown}
 e - 4 scrolls of identify {unknown}
 h - a scroll of holy word {unknown}
 i - a scroll of noise {unknown}
Potions
 b - a potion of heal wounds {unknown}
 d - a potion of flight {unknown}
 f - a potion of attraction {unknown}
 g - 3 potions of curing {unknown}


   Skills:
 - Level 1.1 Fighting
 - Level 1.7 Dodging
 - Level 3.0 Unarmed Combat
 - Level 2.0 Spellcasting
 + Level 3.6 Transmutations


You had 5 spell levels left.
You knew the following spells:

 Your Spells              Type           Power      Damage    Failure   Level
a - Beastly Appendage     Tmut           24%        N/A       4%          1

Your spell library contained the following spells:

 Spells                   Type           Power      Damage    Failure   Level
 Wereblood                Tmut           12%        N/A       8%          2
 Spider Form              Tmut/Pois      7%         N/A       30%         3
 Ice Form                 Ice/Tmut       7%         N/A       71%         4


Dungeon Overview and Level Annotations

Branches:
Dungeon (3/15)

Altars:

Annotations:
D:3 Sigmund


Innate Abilities, Weirdness & Mutations

Your plain brown scales are hard. (AC +5)
You cannot fit into any form of body armour.
You are cold-blooded and may be slowed by cold attacks.


Message History

Found a pair of gloves.
Sigmund mumbles some strange words.
Sigmund flickers and vanishes!
Deactivating autopickup; reactivate with Ctrl-A.
You hear a zap.
A puff of flame appears from out of thin air!
The puff of flame hits you!
You hear a zap.
A puff of flame appears from out of thin air!
The puff of flame misses you.
Something tries to affect you, but you resist.
A magic dart appears from out of thin air!
The magic dart hits you.
* * * LOW HITPOINT WARNING * * *
An adder comes into view.
The adder hisses angrily.
You hear a zap.
A puff of flame appears from out of thin air!
The puff of flame misses you.
You hear a zap.
A puff of flame appears from out of thin air!
The puff of flame hits you!
* * * LOW HITPOINT WARNING * * *
The adder bites you but does no damage. The adder bites you but does no damage.
The adder bites you but does no damage. The adder closely misses you.
The adder bites you but does no damage. The adder bites you but does no damage.
The adder closely misses you.
Sigmund appears from thin air!
Reactivating autopickup.
The adder barely misses you.
Sigmund casts a spell.
Sigmund flickers and vanishes!
Deactivating autopickup; reactivate with Ctrl-A.
The adder bites you.
* * * LOW HITPOINT WARNING * * *
The adder bites you.
You die...

###.#.###..#
#.#.# #..#######
..#.###{.......#
.......#.########
#.###.#.#.#
#.###.#.#.######
#..............#
#####.##########
#.S@..# #####.# #


You could see an adder.

Vanquished Creatures
  2 dart slugs (D:1)
  4 bats
  2 endoplasms
  A giant cockroach (D:2)
  4 goblins (D:1)
  3 hobgoblins
  2 quokkas (D:1)
  4 ball pythons
  4 kobolds
  A rat (D:2)
27 creatures vanquished.

Notes
Turn   | Place    | Note
-------+----------+-------------------------------------------
     0 | D:1      | MisterFreud the Draconian Transmuter began the quest for
                  | the Orb.
     0 | D:1      | Reached XP level 1. HP: 16/16 MP: 3/3
   170 | D:1      | Reached XP level 2. HP: 13/23 MP: 3/5
  1360 | D:2      | Reached XP level 3. HP: 24/28 MP: 4/6
  1573 | D:2      | Found a faded altar of an unknown god.
  1643 | D:3      | Noticed Sigmund
  1707 | D:3      | HP: 1/28 [adder (3)]
  1711 | D:3      | Slain by an adder

Illustrated notes

Levels and vault maps discovered:
D:1:      dpeg_arrival_houses_and_road, layout_basic, hex_tiny
D:2:      layout_basic, chequers_ecumenical_altar_simple,
          kennysheep_generic_room_12
D:3:      layout_basic, mainiacjoe_overflow_concentric_impassable,
          grunt_ministairs_8, uniq_robin, uniq_sigmund

Skill      XL: |  1  2 |
---------------+-------+-----
Transmutations | 3 |  3.6
Fighting       | |  1.1
Dodging        | |  1.7
Unarmed Combat | |  3.0
Spellcasting   | |  2.0

Action                   || total
-------------------------++-------
Melee: Unarmed           ||    62
       Kick              ||    16
       Headbutt          ||     9
       Tailslap          ||     7
       Punch             ||     2
 Cast: Beastly Appendage ||    19
Armor: Skin              ||    20
Dodge: Dodged            ||    48
